 Dungeon Crawl Stone Soup version 0.29-a0-340-g6efceafd81 (webtiles) character file.

Game seed: 17244499368663474801

2375 spaghetti the Reanimator (level 9, -6/73 HPs)
             Began as a Deep Dwarf Necromancer on Apr 20, 2022.
             Was a Believer of Ru.
             Mangled by a komodo dragon (13 damage)
             ... on level 8 of the Dungeon.
             The game lasted 00:20:56 (8292 turns).

spaghetti the Reanimator (Deep Dwarf Necromancer)   Turns: 8292, Time: 00:20:57

Health: -6/73      AC:  8    Str: 14    XL:     9   Next: 21%
Magic:  0/9        EV: 12    Int: 18    God:    Ru [**....]
Gold:   161        SH:  0    Dex: 13    Spells: 7/11 levels left

rFire   . . .      SeeInvis .   u - +4 dire flail (holy) {mace}
rCold   . . .      Faith    .   (shield currently unavailable)
rNeg    . . .      Spirit   .   q - +1 leather armour {rPois}
rPois   +          Reflect  .   o - +2 helmet
rElec   .          Harm     .   y - +0 cloak
rCorr   .          Rampage  .   (no gloves)
Will    +....                   (no boots)
Stlth   ++........              g - amulet of the acrobat
HPRegen 0.00/turn               (no ring)
MPRegen 0.11/turn               (no ring)

@: no status effects
A: damage resistance, heal wounds, frail 1, sense surroundings 2, no
regeneration
a: Heal Wounds, Renounce Religion


You were on level 8 of the Dungeon.
You worshipped Ru.
Ru was pleased with you.
You visited 1 branch of the dungeon, and saw 9 of its levels.

You collected 369 gold pieces.
You spent 208 gold pieces at shops.


Innate Abilities, Weirdness & Mutations

You are resistant to damage.
You can heal yourself by infusing magical energy.
You are frail. (-10% HP)
You passively map the area around you.
You do not regenerate.


   Skills:
 + Level 6.3 Fighting
 - Level 2.1 Dodging
 - Level 2.4 Stealth
 - Level 1.7 Spellcasting
 - Level 12.0 Necromancy


You had 7 spell levels left.
You knew the following spells:

 Your Spells              Type           Power      Damage    Failure   Level
a - Pain                  Necr           100%       1d9       1%          1
b - Vampiric Draining     Necr           44%        2d9       1%          3

Your spell library contained the following spells:

 Spells                   Type           Power      Damage    Failure   Level
 Animate Skeleton         Necr           88%        N/A       1%          1
 Animate Dead             Necr           22%        N/A       1%          4
 Agony                    Necr           44%        N/A       4%          5
 Foxfire                  Conj/Fire      4%         2x1d4     24%         1
 Magic Dart               Conj           4%         1d3       24%         1
 Call Imp                 Summ           1%         N/A       34%         2
 Conjure Flame            Conj/Fire      1%         6-21      56%         3
 Dazzling Flash           Conj/Hex       2%         N/A       56%         3
 Inner Flame              Hex/Fire       1%         N/A       56%         3
 Mephitic Cloud           Conj/Pois/Air  1%         N/A       56%         3
 Flame Wave               Conj/Fire      1%         2d4       93%         4
 Silence                  Hex/Air        0%         N/A       100%        5

Inventory:

Hand Weapons
 b - a +0 whip {mace}
   (You took it off a kobold on level 1 of the Dungeon)
 e - a +0 dagger of venom {short}
   (You took it off an orc wizard on level 3 of the Dungeon)
 j - a +1 trident of freezing {polearm}
   (You found it on level 1 of the Dungeon)
 r - the +8 quarterstaff of Joni {antimagic, Str+5, staff}
   (You bought it in a shop on level 4 of the Dungeon)

   It reduces the magical energy of the wielder, and disrupts the spells and
   magical abilities of those it strikes.
   Natural abilities and divine invocations are not affected.
   Str:       It affects your strength (+5).
 u - a +4 dire flail of holy wrath (weapon) {mace}
   (You took it off Edmund on level 4 of the Dungeon)
Missiles
 c - 282 stones (quivered) {throwing}
 t - a throwing net {=f!fthrowing}
Armour
 a - a +0 robe
 o - a +2 helmet (worn)
   (You found it on level 2 of the Dungeon)
 q - a +1 leather armour of poison resistance (worn)
   (You took it off an orc on level 3 of the Dungeon)
 y - a +0 cloak (worn)
   (You found it on level 6 of the Dungeon)
Magical Staves
 l - a staff of earth {!astaff}
   (You found it on level 2 of the Dungeon)
Jewellery
 g - an amulet of the acrobat (around neck)
   (You found it on level 3 of the Dungeon)
 h - an amulet of reflection
   (You found it on level 1 of the Dungeon)
 k - a ring of fire
   (You found it on level 2 of the Dungeon)
Scrolls
 d - 2 scrolls of enchant armour
 f - 2 scrolls of teleportation {@r4}
 i - 2 scrolls of vulnerability {!r!r}
 m - 2 scrolls of immolation {!r!r}
 p - a scroll of enchant weapon
Potions
 n - 3 potions of haste {@q3}
 s - a potion of curing {@q1}
 v - a potion of lignification {!q}
 w - 2 potions of brilliance

Dungeon Overview and Level Annotations

Branches:
Dungeon (9/15)             Temple (0/1) D:5
   Lair: D:8-11         Orc: D:9-12

Altars:
Ashenzari
Makhleb
Ru
Yredelemnul

Shops:
D:3 (   D:4 :[(?   D:5 *

Annotations:
D:6 1 exclusion
D:8 2 transporters, exclusion: two-headed ogre, Cecur's ghost, novice DsGl

#.###.###.###.###.......#........
.#.#.#.#.#.#.#.#.#......#........
#.#.#.#.#.#.#.#.#.......#........
##################......#........
#....[.##l.##... * *
#.###'##P...,
#+########.##.)....PP., ,,
,+................P..P.,
#.......@l...(((.PP..P , , ,,
#...............P....., , ,, ,
#............$P.P.#### ,, , ,
########...##P.P..# , ,
,,#####...P.P# , , , ...P..#* * ,
, ,, , , , #..P..., , , , * ,
,,,, , ,* ,, , , , ,


You could see a komodo dragon.


Message History

You kill the yak!
Your Fighting skill increases to level 6!
You feel magic returning to you.
Your +4 dire flail of holy wrath {mace} softly glows with a divine radiance!
u - a +4 dire flail of holy wrath (weapon)
{mace} You start resting. 😕 MP[+9]
Your mp is fully restored (9).
Things that are here:
a +0 robe; an orc corpse You open the door.
There is an open door, spattered with blood here.
A komodo dragon comes into view.
A komodo dragon is nearby!
Casting: Pain (safe; 1% risk of failure)
Confirm with . or Enter, or press ? or * to list all spells.
You can't see any susceptible monsters within range! (Use Z to cast anyway.) Unknown command.
You now have 161 gold pieces (gained 10).
A komodo dragon is nearby!
Throw: 287 stones {throwing}
Press: ? - help, Q - select action, (/) - cycle Shift-Dir - straight line, f - komodo dragon
Aim: a komodo dragon (wandering, hasn't noticed you, 68% to hit)
Your line of fire to the komodo dragon is blocked by a plant.
Continue anyway?
You throw a stone {throwing}. The komodo dragon hisses angrily.
The stone {throwing} hits the plant.
The plant begins to die.
Throw: 286 stones {throwing}
Press: ? - help, Q - select action, (/) - cycle Shift-Dir - straight line, f/p - komodo dragon
Aim: a komodo dragon (68% to hit)
You throw a stone {throwing}.
The stone {throwing} hits the komodo dragon.
A komodo dragon is nearby!
Throw: 285 stones {throwing}
Press: ? - help, Q - select action, (/) - cycle Shift-Dir - straight line, f/p - komodo dragon
Aim: a komodo dragon (lightly wounded, 68% to hit)
You throw a stone {throwing}.
The stone {throwing} hits the komodo dragon but does no damage.
A komodo dragon is nearby!
Throw: 284 stones {throwing}
Press: ? - help, Q - select action, (/) - cycle Shift-Dir - straight line, f/p - komodo dragon
Aim: a komodo dragon (lightly wounded, 68% to hit)
You throw a stone {throwing}.
The stone {throwing} closely misses the komodo dragon.
The stone {throwing} hits the fungus but does no damage.
A nearby plant withers and dies.
A komodo dragon is nearby!
Throw: 283 stones {throwing}
Press: ? - help, Q - select action, (/) - cycle Shift-Dir - straight line, f/p - komodo dragon
Aim: a komodo dragon (68% to hit)
You throw a stone {throwing}.
The stone {throwing} barely misses the komodo dragon.
The stone {throwing} hits the fungus.
The fungus begins to die.
A komodo dragon is nearby!
Casting: Pain (safe; 1% risk of failure)
Confirm with . or Enter, or press ? or * to list all spells.
Aiming: Vampiric Draining (safe; 1% risk of failure)
Press: ? - help, Shift-Dir - straight line, f/p - komodo dragon
Aim: a komodo dragon You draw life force from the komodo dragon!
You feel life coursing into your body. The komodo dragon bites you!!
* * * LOW HITPOINT WARNING * * *
😨 HP[-23] MP[-3]
You take 23 damage, and now have 35/73 hp.
MASSIVE DAMAGE!! (PAUSE)
You lost 3 mp, and now have 6/9 mp.
Casting: Vampiric Draining (safe; 1% risk of failure)
Confirm with . or Enter, or press ? or * to list all spells.
Aiming: Vampiric Draining (safe; 1% risk of failure)
Press: ? - help, Shift-Dir - straight line, f/p - komodo dragon
Aim: a komodo dragon (moderately wounded)
You draw life force from the komodo dragon!
You feel life coursing into your body!
The komodo dragon bites you! 😮 HP[+5] MP[-3]
You regained 5 hp, and now have 40/73 hp.
You lost 3 mp, and now have 3/9 mp.
Casting: Vampiric Draining (safe; 1% risk of failure)
Confirm with . or Enter, or press ? or * to list all spells.
Aiming: Vampiric Draining (safe; 1% risk of failure)
Press: ? - help, Shift-Dir - straight line, f/p - komodo dragon
Aim: a komodo dragon (severely wounded)
You draw life force from the komodo dragon!
You feel life coursing into your body.
A nearby fungus withers and dies.
The komodo dragon bites you!!
* * * LOW HITPOINT WARNING * * *
😨 HP[-14] MP[-3]
You take 14 damage, and now have 26/73 hp.
You lost 3 mp, and now have 0/9 mp.
You closely miss the komodo dragon. The komodo dragon bites you!!
* * * LOW HITPOINT WARNING * * *
😱 HP[-19]
You take 19 damage, and now have 7/73 hp.
MASSIVE DAMAGE!! (PAUSE)
Okay, then.
Okay, then.
You aren't carrying any items that you can evoke.
You hit the komodo dragon but do no damage.
The komodo dragon barely misses you.
You barely miss the komodo dragon. The komodo dragon bites you!
You die...

Skill      XL: |  1  2  3  4  5  6  7  8  9 |
---------------+----------------------------+-----
Necromancy     | 5 6 7 8 9 11 12 | 12.0
Fighting       | 5 6 |  6.3
Dodging        | |  2.1
Stealth        | |  2.4
Spellcasting   | |  1.7

Action                   |  1- 3 |  4- 6 |  7- 9 || total
-------------------------+-------+-------+-------++-------
Melee: Unarmed           |    26 |       |       ||    26
       Trident           |     6 |       |       ||     6
       Staff             |       |    40 |       ||    40
       Dagger            |       |    51 |    29 ||    80
       Quarterstaff      |       |       |    58 ||    58
       Dire flail        |       |       |    31 ||    31
Throw: Throwing net      |       |     1 |       ||     1
       Stone             |       |       |    38 ||    38
 Cast: Pain              |    52 |    52 |    21 ||   125
       Vampiric Draining |     7 |    14 |    56 ||    77
Invok: Sacrifice Health  |       |       |     1 ||     1
 Abil: Heal Wounds       |     2 |     2 |     2 ||     6
  Use: Potion            |     4 |     5 |     3 ||    12
       Scroll            |       |     5 |     3 ||     8
 Stab: Sleeping          |       |       |     2 ||     2
       Distracted        |       |       |     1 ||     1
Armor: Robe              |    13 |    12 |    27 ||    52
       Leather armour    |       |       |    26 ||    26
Dodge: Dodged            |    34 |    57 |   125 ||   216
Block: Other             |     3 |    17 |       ||    20
       Reflection        |       |     1 |       ||     1

Levels and vault maps discovered:
D:1:      dpeg_arrival_tiny_c, layout_basic, shapermc_ecumenical_altar_gd
D:2:      layout_basic
D:3:      layout_rooms, serial_shops, nicolae_shop_overgrown_old_shop,
          uniq_jessica
D:4:      layout_basic, mainiacjoe_overflow_24_doors,
          nicolae_overflow_hidden_temple, serial_shops, nicolae_diamond_shop,
          shop, kennysheep_mini_moat, nicolae_shop_waterfront, kennysheep_nub,
          uniq_edmund, uniq_grinder
D:5:      layout_basic, mainiacjoe_overflow_alcove_4,
          minmay_temple_entry_drinking_statues, serial_shops, shop_fountains,
          corexii_checkpoint_a, minmay_crossroads
D:6:      layout_loops_corners, vehumet_statue, uniq_pikel, uniq_blork_the_orc,
          uniq_prince_ribbit1
D:7:      minmay_the_grid_plus_closed [minmay_the_grid_doors,
          minmay_the_grid_embedded, minmay_the_grid_diamond_grid,
          minmay_the_grid_minigrid_small_alt,
          minmay_the_grid_prize_inner_circle], layout_gridville
D:8:      layout_gridville, grunt_lair_entry_orc_guard_hut,
          gammafunk_ghost_arena, roderic_roman_lattice,
          minmay_misc_feat_nine_boxes, supply_closet_lemuel, uniq_grum
D:9:      layout_cave_pools, worldfamousw_hep_ancestral_shrine,
          amcnicky_altar_gilded, introduction_to_nature_2, uniq_maggie

Notes
Turn   | Place    | Note
-------+----------+-------------------------------------------
     0 | D:1      | spaghetti the Deep Dwarf Necromancer began the quest for
                  | the Orb.
     0 | D:1      | Reached XP level 1. HP: 15/15 MP: 3/3
     0 | D:1      | magus.rc [v1.9.6]
   227 | D:2      | HP: 2/15 [worm (10)]
   273 | D:1      | Reached XP level 2. HP: 20/22 MP: 2/4
   312 | D:1      | Reached skill level 5 in Necromancy
   471 | D:1      | Found a faded altar of an unknown god.
  1151 | D:1      | Reached XP level 3. HP: 17/28 MP: 3/5
  1337 | D:1      | Learned a level 3 spell: Vampiric Draining
  1565 | D:2      | Reached skill level 6 in Necromancy
  2087 | D:2      | Reached XP level 4. HP: 29/36 MP: 0/6
  2830 | D:3      | Noticed Jessica
  2832 | D:3      | Killed Jessica
  2872 | D:3      | Reached skill level 7 in Necromancy
  2940 | D:3      | Reached XP level 5. HP: 30/42 MP: 0/7
  2946 | D:3      | You pick up a book of Flames and begin reading...
  2946 | D:3      | You add the spells Foxfire, Conjure Flame, Inner Flame and
                  | Flame Wave to your library.
  3057 | D:3      | Found Lyett's Antique Weapon Emporium.
  3821 | D:4      | Found Qadyneib's Antique Weapon Boutique.
  3877 | D:4      | Reached skill level 8 in Necromancy
  3881 | D:4      | Reached XP level 6. HP: 30/49 MP: 0/8
  4036 | D:4      | Found Riufynia's Magic Scroll Shop.
  4052 | D:4      | Bought a scroll of identify for 28 gold pieces
  4071 | D:4      | Noticed Edmund
  4073 | D:4      | HP: 11/49 [Edmund/+4 dire flail of holy wrath (8)]
  4078 | D:4      | HP: 6/49 [Edmund/+4 dire flail of holy wrath (6)]
  4086 | D:4      | Killed Edmund
  4180 | D:4      | Found Etsin's Armour Shop.
  4262 | D:4      | Found a sacrificial altar of Ru.
  4278 | D:4      | Noticed Grinder
  4283 | D:4      | Paralysed by Grinder for 3 turns
  4292 | D:4      | HP: 11/49 [Grinder (4)]
  4293 | D:4      | HP: 2/49 [Grinder (4)]
  4299 | D:4      | Paralysed by Grinder for 4 turns
  4312 | D:4      | Killed Grinder
  4313 | D:4      | Reached skill level 9 in Necromancy
  4313 | D:4      | Reached XP level 7. HP: 22/55 MP: 9/9
  4424 | D:4      | Found Ukhosia's Book Shoppe.
  4736 | D:4      | Became a worshipper of Ru the Awakened
  5193 | D:5      | Entered Level 5 of the Dungeon
  5193 | D:5      | Found Bipn's General Store.
  5227 | D:5      | Reached skill level 10 in Necromancy
  5243 | D:4      | HP: 13/55 [something (4)]
  5488 | D:4      | Found a broken altar of Ashenzari.
  5488 | D:4      | Found a basalt altar of Yredelemnul.
  5631 | D:5      | Found a staircase to the Ecumenical Temple.
  5638 | D:5      | Reached skill level 11 in Necromancy
  5638 | D:5      | Reached XP level 8. HP: 39/62 MP: 2/10
  5650 | D:5      | HP: 13/62 [centaur/arrow (14)]
  5750 | D:5      | HP: 14/62 [centaur/arrow (2)]
  5859 | D:5      | You pick up a book of Minor Magic and begin reading...
  5859 | D:5      | You add the spells Magic Dart, Call Imp and Mephitic Cloud
                  | to your library.
  6104 | D:4      | Bought a slimy quarterstaff for 180 gold pieces
  6104 | D:4      | Identified the +8 quarterstaff of Joni {antimagic, Str+5}
                  | (You bought it in a shop on level 4 of the Dungeon)
  6562 | D:5      | Found a burning altar of Makhleb.
  6748 | D:6      | Reached skill level 12 in Necromancy
  6748 | D:6      | Reached skill level 1 in Fighting
  6760 | D:6      | Reached skill level 2 in Fighting
  7027 | D:6      | HP: 17/68 [orc priest/nerve-wracking pain (10)]
  7045 | D:6      | HP: 17/102 [orc warrior/+0 halberd (8)]
  7049 | D:6      | Reached skill level 3 in Fighting
  7171 | D:6      | You pick up a book of the Senses and begin reading...
  7171 | D:6      | You add the spells Dazzling Flash and Silence to your
                  | library.
  7292 | D:7      | Reached skill level 4 in Fighting
  7296 | D:6      | Gained mutation: You are frail. (-10% HP) [Ru sacrifice]
  7296 | D:6      | Reached * piety under Ru
  7296 | D:6      | Reached ** piety under Ru
  7332 | D:7      | HP: 16/64 [phantom (3)]
  7337 | D:7      | HP: 13/65 [shadow imp (3)]
  7359 | D:8      | Noticed a two-headed ogre
  7402 | D:8      | Noticed Cecur's ghost (novice DsGl)
  7418 | D:8      | Found a transporter.
  7441 | D:8      | HP: 12/65 [water moccasin (5)]
  7455 | D:8      | Reached skill level 5 in Fighting
  7535 | D:8      | Found a transporter.
  7652 | D:9      | Gained mutation: You passively map the area around you.
                  | [Deep Dwarf growth]
  7652 | D:9      | Reached XP level 9. HP: 25/72 MP: 2/9
  8194 | D:8      | Reached skill level 6 in Fighting
  8273 | D:8      | Noticed a komodo dragon
  8290 | D:8      | HP: 7/73 [komodo dragon (19)]
  8292 | D:8      | Mangled by a komodo dragon

Vanquished Creatures
  Grinder (D:4)
  A yak (D:8)
  A steam dragon (D:6)
  Edmund (D:4)
  A water moccasin (D:8)
  An orc warrior (D:6)
  A sky beast (D:4)
  2 ogres (D:5)
  A centaur (D:5)
  A phantom (D:7)
  2 bullfrogs
  2 scorpions
  6 killer bees
  A howler monkey (D:7)
  A hound (D:4)
  A gnoll shaman (D:6)
  3 orc priests
  4 iguanas
  Jessica (D:3)
  3 orc wizards
  12 gnolls
  3 adders
  A shadow imp (D:7)
  2 white imps
  3 worms
  4 dart slugs
  21 orcs
  9 ball pythons
  8 endoplasms
  4 giant cockroaches
  7 goblins
  4 hobgoblins
  4 jackals
  5 quokkas
  5 bats
  10 kobolds
  6 rats
143 creatures vanquished.

Vanquished Creatures (others)
  7 fungi (D:8)
  16 plants
23 creatures vanquished.

Grand Total: 166 creatures vanquished

Table legend:
 A = Non-vault XP
 B = Vault XP
 C = Vault XP percentage of total XP
 D = Non-vault monster count
 E = Vault monster count
 F = Vault count percentage of total count
                 A         B        C        D         E       F
            +---------+---------+-------+---------+---------+-------
      Total |    2583 |     810 |  23.9 |     136 |       7 |   4.9
            +---------+---------+-------+---------+---------+-------
        D:1 |      67 |       0 |   0.0 |      23 |       0 |   0.0
        D:2 |      89 |       0 |   0.0 |      18 |       0 |   0.0
        D:3 |     129 |      37 |  22.3 |      28 |       1 |   3.4
        D:4 |     433 |     438 |  50.3 |      22 |       2 |   8.3
        D:5 |     444 |     136 |  23.4 |      14 |       3 |  17.6
        D:6 |     607 |       0 |   0.0 |      15 |       0 |   0.0
        D:7 |     242 |       0 |   0.0 |       5 |       0 |   0.0
        D:8 |     384 |     199 |  34.1 |       8 |       1 |  11.1
        D:9 |     188 |       0 |   0.0 |       3 |       0 |   0.0
            +---------+---------+-------+---------+---------+-------

Illustrated notes

Table legend:
 A = Kills in this place as a percentage of kills in entire the game.
 B = Kills by you in this place as a percentage of kills by you in the entire game.
 C = Kills by friends in this place as a percentage of kills by friends in the entire game.
 D = Other kills in this place as a percentage of other kills in the entire game.
 E = Experience gained in this place as a percentage of experience gained in the entire game.
 F = Experience gained in this place divided by the number of levels of this place that you have seen.
                   A       B       C       D       E      F
               +-------+-------+-------+-------+-------+----------------------
         Total | 100.0 | 100.0 |   N/A |   N/A | 100.0 | 377.0
       Dungeon | 100.0 | 100.0 |   N/A |   N/A | 100.0 | 377.0
               +-------+-------+-------+-------+-------+----------------------

Table legend: (Time is in decaauts)
 A = Elapsed time spent in this place.
 B = Non-inter-level travel time spent in this place.
 C = Inter-level travel time spent in this place.
 D = Time resting spent in this place.
 E = Time spent auto-exploring this place.
 F = Levels seen in this place.
 G = Mean time per level.
                   A        B        C        D        E       F      G
               +--------+--------+--------+--------+--------+-----+--------+
         Total |   8348 |   7972 |    376 |   1957 |   4805 |   9 |  927.6 |
       Dungeon |   8348 |   7972 |    376 |   1957 |   4805 |   9 |  927.6 |
               +--------+--------+--------+--------+--------+-----+--------+

Top non-repeatable levels by time:
     D:4: 1746 daAuts
     D:2: 1433 daAuts
     D:1: 1413 daAuts
     D:5: 1044 daAuts
     D:3: 997 daAuts
     D:6: 703 daAuts
     D:8: 659 daAuts
     D:9: 283 daAuts
     D:7: 67 daAuts
